 Dungeon Crawl Stone Soup version 0.25-b1-50-g7b83aa72e5 (webtiles) character file.

Game seed: 9354767536987045060

2741 Revguard the Slasher (level 9, -11/69 HPs)
             Began as a Demonspawn Berserker on June 12, 2020.
             Was an Elder of Trog.
             Killed from afar by an oklob plant (14 damage)
             ... with a splash of acid
             ... on level 7 of the Dungeon.
             The game lasted 00:23:07 (7331 turns).

Revguard the Slasher (Demonspawn Berserker)         Turns: 7331, Time: 00:23:08

Health: -11/69     AC:  0    Str: 19    XL:     9   Next: 40%
Magic:  12/12      EV: 16    Int:  9    God:    Trog [****..]
Gold:   329        SH:  0    Dex: 14    Spells: 8/8 levels left

rFire    . . .     SeeInvis +   d - +10 Maxwell's thermic engine {flame, freeze}
rCold    . . .     Gourm    .   (no shield)
rNeg     . . .     Faith    .   j - +0 troll leather armour {Purgy}
rPois    .         Spirit   .   (helmet restricted)
rElec    .         Reflect  .   t - scarf {repulsion}
rCorr    .         Harm     .   b - +0 pair of gloves
MR       .....                  (no boots)
Stlth    +.........             (no amulet)
HPRegen  0.61/turn              h - ring of flight
MPRegen  0.13/turn              m - ring of see invisible

@: corroded, berserk cooldown, slowed, repel missiles, very slow
A: antennae 1, hooves 2, repulsion field 2, demonic guardian 1, mutation
resistance 1, shaggy fur 1
a: Berserk, Trog's Hand, Brothers in Arms, Renounce Religion, Evoke Flight


You were on level 7 of the Dungeon.
You worshipped Trog.
Trog was greatly pleased with you.
You were near starving.

You visited 1 branch of the dungeon, and saw 7 of its levels.

You collected 329 gold pieces.

Inventory:

Hand Weapons
 d - the +10 Maxwell's thermic engine (weapon) {flame, freeze}
   (You found it on level 4 of the Dungeon)

   It has been specially enchanted to burn those struck by it, causing extra
   injury to most foes and up to half again as much damage against particularly
   susceptible opponents.
   Big, fiery blades are also staple armaments of hydra-hunters.
   It has been specially enchanted to freeze those struck by it, causing extra
   injury to most foes and up to half again as much damage against particularly
   susceptible opponents.
Armour
 b - a +0 pair of gloves (worn)
 j - a +0 troll leather armour (worn) {Purgy}
 o - a +0 pair of boots
 t - a scarf of repulsion (worn)
Jewellery
 a - an uncursed ring of fire
 h - a ring of flight (left hand)
 m - a ring of see invisible (right hand)
 s - a +6 ring of intelligence
Wands
 e - a wand of iceblast (11)
 f - a wand of flame (16)
 r - a wand of disintegration (14)
 x - a wand of acid (9)
Scrolls
 g - 6 scrolls of remove curse
 i - 4 scrolls of teleportation
 y - a scroll of identify
Potions
 l - a potion of berserk rage
 p - a potion of magic
 q - a potion of curing
 u - a potion of mutation
Comestibles
 c - 12 rations
 n - 4 chunks of flesh


   Skills:
 + Level 6.1 Fighting
 + Level 7.4 Long Blades
   Level 4.4 Axes
 + Level 4.9 Armour
 + Level 3.6 Dodging
 * Level 4.1 Evocations


You had 8 spell levels left.
You didn't know any spells.
Your spell library was empty.

Dungeon Overview and Level Annotations

Branches:
Dungeon (7/15)             Temple (0/1) D:5

Altars:
Fedhas
Makhleb
Okawaru
Sif Muna
Trog
Uskayaw
Vehumet
Wu Jian
Xom
Zin

Shops:
D:7 =

Annotations:
D:7 exclusion: oklob plant


Innate Abilities, Weirdness & Mutations

You have hoof-like feet.
You are surrounded by a moderate repulsion field. (EV +3)
A weak demonic guardian rushes to your aid.
You have a pair of small antennae on your head.
You are somewhat resistant to further mutation.
You are covered in fur. (AC +1)


Message History

Your iron imp hits the bush but does no damage.
The oklob plant spits acid at you. The splash of acid hits you!
You are splashed with acid!
You slash the bush! You burn the bush. You freeze the bush.
You kick the bush, but do no damage.
The bush is severely damaged.
Your iron imp hits the bush.
The oklob plant spits acid at you. The splash of acid hits you!
The acid corrodes you!
You are splashed with acid!
* * * LOW HITPOINT WARNING * * *
You feel better. The oklob plant spits acid at you.
The splash of acid hits you!
* * * LOW HITPOINT WARNING * * *
You are splashed with acid!
* * * LOW HITPOINT WARNING * * *
Your iron imp hits the bush.
The oklob plant spits acid at you. The splash of acid hits you!
You die...

#PPPP..≈≈≈≈≈≈≈≈≈..P
#P....≈≈≈≈≈≈≈≈≈≈≈.#
#P.#P.≈≈≈≈...≈≈≈≈.#
#P.#P......_.≈≈≈≈..
##.PP.≈≈≈≈...≈≈≈≈.#
#P.PP.≈≈≈≈≈≈≈≈≈≈≈..
#..PP..≈≈≈≈≈≈≈≈≈..P
##.PP#..≈≈≈≈≈≈≈...P
#P@%PPP..≈≈≈≈≈..#P.
#PP.PP#P........P.P


#..5PPPP#P.#P#PPPPP #PP..PP#P#..#PPPPP# #PPP.##PPP,*,,**,,, #PP#P.*P##*,,,,,,*,
#######*# ********* *,*,* *,,,, You could see an oklob plant and a friendly iron
imp (summoned).

Vanquished Creatures
  A hornet (D:7)
  Duvessa (D:4)
  Purgy (D:4)
  2 black bears (D:6)
  2 ice beasts
  An orc warrior (D:7)
  2 phantoms (D:5)
  2 centaurs
  An ogre (D:5)
  A big kobold (D:7)
  A bullfrog (D:6)
  A water moccasin skeleton (D:6)
  Dowan (D:4)
  5 wights (D:6)
  A howler monkey (D:6)
  2 crimson imps
  A quasit (D:7)
  A jelly (D:6)
  2 orc priests
  3 bullfrog skeletons
  4 hounds
  5 orc wizards
  An iguana (D:7)
  4 worker ants
  4 gnolls (D:6)
  9 adders
  2 shadow imps
  An ooze (D:4)
  An adder skeleton (D:6)
  A worm (D:2)
  2 dart slugs (D:1)
  6 leopard geckos
  13 orcs
  2 giant cockroaches
  7 hobgoblins
  4 jackals
  14 kobolds
  4 quokkas
  6 bats
  8 frilled lizards
  10 goblins
  A leopard gecko skeleton (D:6)
  2 quokka skeletons
  7 rats
  2 bushes (D:7)
  A fungus (D:7)
  6 plants (D:7)
159 creatures vanquished.

Vanquished Creatures (collateral kills)
  2 ogres (D:4)
  A hound (D:3)
  An adder (D:3)
  An orc (D:7)
5 creatures vanquished.

Vanquished Creatures (others)
  A leopard gecko (D:7)
1 creature vanquished.

Grand Total: 165 creatures vanquished

Notes
Turn   | Place    | Note
-------+----------+-------------------------------------------
     0 | D:1      | Revguard the Demonspawn Berserker began the quest for the
                  | Orb.
     0 | D:1      | Reached XP level 1. HP: 18/18 MP: 1/1
   563 | D:1      | Gained mutation: A weak demonic guardian rushes to your
                  | aid. [demonic ancestry]
   563 | D:1      | Reached XP level 2. HP: 24/24 MP: 2/2
   872 | D:1      | Gained mutation: You are surrounded by a mild repulsion
                  | field. (EV +2) [demonic ancestry]
   872 | D:1      | Reached XP level 3. HP: 19/29 MP: 3/3
  1034 | D:1      | Reached ** piety under Trog
  2493 | D:2      | Gained mutation: You are surrounded by a moderate repulsion
                  | field. (EV +3) [demonic ancestry]
  2493 | D:2      | Reached XP level 4. HP: 32/37 MP: 4/4
  2996 | D:3      | Found a hide-covered altar of Uskayaw.
  3305 | D:3      | Found an iron altar of Okawaru.
  3368 | D:3      | Reached XP level 5. HP: 35/42 MP: 5/5
  3373 | D:3      | Reached *** piety under Trog
  3842 | D:4      | Found a shimmering altar of Xom.
  3842 | D:4      | Found a glowing silver altar of Zin.
  3842 | D:4      | Noticed an angel
  3864 | D:4      | Found the +2 Maxwell's thermic engine {flame, freeze}
  3871 | D:4      | Noticed an ogre
  3877 | D:4      | Killed an ogre
  4047 | D:4      | Gained mutation: Your body sometimes deteriorates upon
                  | taking damage. [potion of mutation]
  4047 | D:4      | Gained mutation: You possess an exceptional clarity of
                  | mind. [potion of mutation]
  4047 | D:4      | Gained mutation: You are resistant to hostile enchantments.
                  | (MR+) [potion of mutation]
  4048 | D:4      | Lost mutation: Your body sometimes deteriorates upon taking
                  | damage. [potion of mutation]
  4048 | D:4      | Lost mutation: You are resistant to hostile enchantments.
                  | (MR+) [potion of mutation]
  4048 | D:4      | Gained mutation: You can translocate small distances at
                  | will. [potion of mutation]
  4048 | D:4      | Gained mutation: You are covered in fur. (AC +1) [potion of
                  | mutation]
  4048 | D:4      | Gained mutation: Armour fits poorly on your strangely
                  | shaped body. [potion of mutation]
  4048 | D:4      | Gained mutation: You are resistant to hostile enchantments.
                  | (MR+) [potion of mutation]
  4091 | D:4      | Noticed Dowan
  4093 | D:4      | Noticed Duvessa
  4096 | D:4      | Killed Dowan
  4096 | D:4      | Gained mutation: You have large cloven feet. [demonic
                  | ancestry]
  4096 | D:4      | Reached XP level 6. HP: 49/49 MP: 6/6
  4106 | D:4      | Killed Duvessa
  4294 | D:4      | Reached skill level 1 in Long Blades
  4546 | D:4      | Noticed Purgy
  4555 | D:4      | Killed Purgy
  4555 | D:4      | Reached XP level 7. HP: 55/55 MP: 7/7
  4620 | D:4      | Reached skill level 2 in Long Blades
  5034 | D:5      | Entered Level 5 of the Dungeon
  5063 | D:5      | Lost mutation: You possess an exceptional clarity of mind.
                  | [potion of mutation]
  5063 | D:5      | Lost mutation: You can translocate small distances at will.
                  | [potion of mutation]
  5063 | D:5      | Lost mutation: Armour fits poorly on your strangely shaped
                  | body. [potion of mutation]
  5063 | D:5      | Lost mutation: You are resistant to hostile enchantments.
                  | (MR+) [potion of mutation]
  5063 | D:5      | Gained mutation: You have a pair of small antennae on your
                  | head. [potion of mutation]
  5063 | D:5      | Gained mutation: You are somewhat resistant to further
                  | mutation. [potion of mutation]
  5080 | D:5      | Reached skill level 3 in Long Blades
  5186 | D:5      | Reached skill level 5 in Fighting
  5225 | D:5      | Found a staircase to the Ecumenical Temple.
  5470 | D:5      | Reached skill level 4 in Long Blades
  5520 | D:5      | Reached skill level 1 in Evocations
  5520 | D:5      | Gained mutation: You have hoof-like feet. [demonic
                  | ancestry]
  5520 | D:5      | Reached XP level 8. HP: 62/62 MP: 8/8
  5975 | D:6      | Reached skill level 5 in Long Blades
  6083 | D:6      | Found a burning altar of Makhleb.
  6142 | D:6      | Found a bloodstained altar of Trog.
  6149 | D:6      | Reached skill level 6 in Long Blades
  6202 | D:6      | Reached XP level 9. HP: 68/68 MP: 11/11
  6212 | D:6      | Found a shimmering blue altar of Sif Muna.
  6335 | D:6      | Reached **** piety under Trog
  6707 | D:7      | Found Moutae's Jewellery Shoppe.
  6813 | D:7      | Reached skill level 7 in Long Blades
  6942 | D:7      | Found a radiant altar of Vehumet.
  7094 | D:7      | Found an ornate altar of the Wu Jian Council.
  7240 | D:7      | Found a blossoming altar of Fedhas.
  7263 | D:7      | Noticed an oklob plant
  7331 | D:7      | HP: 3/69 [acid (13)]
  7331 | D:7      | Killed from afar by an oklob plant

Illustrated notes

Levels and vault maps discovered:
D:1:      dpeg_arrival_simpleton_c, layout_loops_ring, minmay_unequal
D:2:      layout_basic
D:3:      layout_loops_ring, lemuel_doored_altar,
          eat_drink_and_be_merry_uskayaw, first_ration
D:4:      minmay_angry_zag, layout_basic,
          grunt_temple_overflow_order_and_chaos_1, serial_bayou,
          serial_bayou_shore_b, serial_bayou_shore_a, serial_bayou_pond_d,
          serial_bayou_pond_e, uniq_purgy, uniq_duvessa
D:5:      layout_loops_ring, minmay_temple_entry_from_below_a
D:6:      layout_basic, lightli_temple_of_fire, trog_ov_bears_minmay, tgw_sif,
          grunt_decor_fettered
D:7:      layout_basic, marbit_many_paths, fiery_altar_vehumet,
          overflow_temple_1_default, serial_shops, nicolae_shop_stone,
          tgw_fedhas

Skill      XL: |  1  2  3  4  5  6  7  8  9 |
---------------+----------------------------+-----
Axes           | 3 4 |  4.4
Dodging        | 2 3 |  3.6
Armour         | 2 3 4 |  4.9
Fighting       | 4 5 6 |  6.1
Long Blades    | 1 4 6 7 |  7.4
Evocations     | 1 3 4 |  4.1

Action                   |  1- 3 |  4- 6 |  7- 9 || total
-------------------------+-------+-------+-------++-------
Melee: Hand axe          |   123 |    77 |       ||   200
       Double sword      |       |    34 |   178 ||   212
       War axe           |       |     5 |       ||     5
       Kick              |       |     7 |    60 ||    67
Invok: Berserk           |     5 |     3 |     6 ||    14
       Trog's Hand       |       |     1 |     5 ||     6
 Abil: Evoke Flight      |       |       |     1 ||     1
  Use: Scroll            |     7 |     2 |     5 ||    14
       Potion            |       |     6 |     2 ||     8
 Stab: Sleeping          |     1 |       |       ||     1
       Distracted        |       |     2 |       ||     2
  Eat: Chunk             |     6 |     8 |    17 ||    31
       Ration            |     1 |       |       ||     1
Armor: Animal skin       |    15 |       |       ||    15
       Ring mail         |     8 |    25 |       ||    33
       Scale mail        |       |    11 |       ||    11
       Troll leather arm |       |       |    39 ||    39
Dodge: Dodged            |    89 |    89 |   109 ||   287
       Rpst.: Double sword |       |     6 |    30 ||    36
